[Event "45th FIDE Olympiad 2024"]
[Site "Budapest"]
[Date "2024.09.19"]
[Round "8.96"]
[White "Lokander, Martin"]
[Black "Veleshnja, Zino"]
[Result "1/2-1/2"]
[ECO "A46"]
[WhiteElo "2469"]
[BlackElo "2294"]
[Annotator "TA"]
[PlyCount "116"]
[EventDate "2024.09.05"]
[EventType "team-tourn"]
[EventCountry "HUN"]
[SourceTitle "playchess.com"]
[Source "ChessBase"]
[SourceQuality "1"]
[WhiteTeam "Sweden"]
[BlackTeam "Albania"]
[WhiteTeamCountry "SWE"]
[BlackTeamCountry "ALB"]
[TimeControl "40/5400+30:1800+30"]

1. d4 Nf6 2. Nf3 e6 3. Bg5 h6 4. Bh4 Be7 5. Nbd2 O-O 6. e4 d6 7. Bxf6 Bxf6 8. e5 dxe5 9. dxe5 Bg5 10. Bd3 Nd7 11. h4 Bxd2+ 12. Qxd2 Nc5 13. O-O-O {[%cal Od3h7,Ba1d1,Bd1d3,Bd3c3][%mdl 32] [#] Bh7+! would now be deadly.} Nxd3+ 14. Qxd3 Qxd3 15. Rxd3 b6 {Black is weak on the dark squares} 16. Rc3 c5 17. Nd2 Bb7 18. f3 Rfd8 19. Nc4 Rd4 20. Nd6 Bc6 21. Rd3 Rxd3 22. cxd3 $11 {[%mdl 4096] Endgame. KRB-KRN} Rd8 23. Re1 f6 24. Kc2 fxe5 25. Nc4 Rd4 26. Nxe5 Bd5 27. g3 Bxa2 28. b3 {And now Ra1 would win.} Rb4 29. Nc6 Rxb3 {[%cal Oc5c4] Threatens to win with ...c4!} 30. Nxa7 (30. Ra1 $1 $11 Ra3 31. Kb2 Rxd3 32. Rxa2) 30... c4 31. dxc4 Rxf3 32. Rxe6 Bxc4 33. Rxb6 Rxg3 34. Nc6 {[#]} (34. Rb4 $17 {keeps fighting.}) 34... Re3 (34... Bd3+ $1 $19 {and Black stays clearly on top.} 35. Kd2 Be4 36. Ne7+ Kf8) 35. Rb4 Bd5 36. Kd2 Re8 {Against Rb8} 37. Nd4 Re4 38. Nc2 Kf7 39. Rxe4 Bxe4 $15 {KB-KN} 40. Nd4 Kf6 41. Ke3 Ke5 42. Ne2 g6 43. Nf4 h5 44. Ne2 $1 Bb7 45. Nf4 Kf5 46. Nd3 Kg4 (46... Be4 $15 47. Nc5 Bg2) 47. Ne5+ $11 {The position is equal.} Kxh4 48. Nxg6+ Kg5 49. Ne5 Kf5 50. Nd3 Kg4 51. Kf2 Be4 52. Nc5 Bc6 53. Kg1 Kg3 54. Nd3 h4 {( -> ...h3)} (54... Bd5 $5) 55. Nf2 Bg2 56. Nh1+ Kf3 57. Nf2 h3 58. Kh2 Kxf2 {Weighted Error Value: White=0.07 (flawless) /Black=0.08 (flawless) .  Mistake:       	White=2     	Black=2      Inaccurate:     	White=2     	Black=2      OK:         	White=32    	Black=17     Best:        	White=2     	Black=3      Strong:       	White=1     	---} 1/2-1/2

[Event "45th FIDE Olympiad 2024"]
[Site "Budapest"]
[Date "2024.09.19"]
[Round "8.97"]
[White "Makhnev, Denis"]
[Black "Mohammad Fahad, Rahman"]
[Result "1/2-1/2"]
[ECO "D24"]
[WhiteElo "2551"]
[BlackElo "2419"]
[Annotator "TA"]
[PlyCount "60"]
[EventDate "2024.09.05"]
[EventType "team-tourn"]
[EventCountry "HUN"]
[SourceTitle "playchess.com"]
[Source "ChessBase"]
[SourceQuality "1"]
[WhiteTeam "Kazakhstan"]
[BlackTeam "Bangladesh"]
[WhiteTeamCountry "KAZ"]
[BlackTeamCountry "BAN"]
[TimeControl "40/5400+30:1800+30"]

1. d4 d5 2. Nf3 Nf6 3. c4 e6 4. Nc3 dxc4 5. e4 Bb4 6. Bxc4 Nxe4 7. O-O Nf6 8. Qa4+ {White has an edge.} Nc6 9. Ne5 a5 10. Nxc6 bxc6 11. Qxc6+ Bd7 12. Qf3 O-O 13. Bg5 Be7 14. Rfd1 Rb8 15. b3 Rb6 16. Be3 Bb4 17. Rac1 Bxc3 18. Rxc3 Bc6 19. Qh3 Nd5 20. Rcc1 {The position is equal.} a4 21. Bd2 axb3 22. axb3 Qf6 23. Qg4 Ra8 24. Ra1 Rbb8 25. h3 h6 26. Rdc1 Rxa1 27. Rxa1 Bb5 28. Bxd5 exd5 29. Qg3 Re8 30. Qxc7 Qxd4 {Weighted Error Value: White=0.06 (flawless) /Black=0.05 (flawless) .  Inaccurate:     	White=1     	Black=2      OK:         	White=11    	Black=13     Best:        	White=1     	Black=3} 1/2-1/2

[Event "45th FIDE Olympiad 2024"]
[Site "Budapest"]
[Date "2024.09.19"]
[Round "8.97"]
[White "Kim, Sanker"]
[Black "Koumba, Mounguen Jose Evrard"]
[Result "1/2-1/2"]
[WhiteElo "1564"]
[BlackElo "1957"]
[PlyCount "105"]
[EventDate "2024.09.05"]
[EventType "team-tourn"]
[EventCountry "HUN"]
[WhiteTeam "Cambodia"]
[BlackTeam "Gabon"]
[WhiteTeamCountry "CMB"]
[TimeControl "40/5400+30:1800+30"]

1. d4 Nf6 2. c4 g6 3. Nc3 Bg7 4. e4 d6 5. f4 O-O 6. Nf3 Nc6 7. d5 Nb8 8. Bd3 c5 9. O-O Nbd7 10. e5 dxe5 11. fxe5 Ng4 12. d6 Ndxe5 13. Nxe5 Bxe5 14. h3 Bd4+ 15. Kh1 exd6 16. Qf3 Qh4 17. Ne4 Ne5 18. Qe2 Bxh3 19. Bg5 Bxg2+ 20. Kxg2 Qg4+ 21. Qxg4 Nxg4 22. Be2 f5 23. Nxd6 Nf6 24. Rab1 Ne4 25. Nxe4 fxe4 26. b4 Rxf1 27. Kxf1 Rf8+ 28. Ke1 cxb4 29. Kd2 a5 30. Be3 Bc3+ 31. Kc2 h5 32. a3 Rf5 33. axb4 axb4 34. Rd1 Ra5 35. Rd8+ Kf7 36. c5 Ra2+ 37. Kd1 b3 38. Bc4+ Kf6 39. Rd6+ Kf5 40. Be6+ Ke5 41. Bxb3 Rb2 42. Rd5+ Ke6 43. Rd6+ Kf5 44. Bf7 Kg4 45. Rxg6+ Kf3 46. Bc1 Rh2 47. Rg5 e3 48. Bxe3 Kxe3 49. Rxh5 Rb2 50. Rh3+ Kd4 51. Rh4+ Ke5 52. Rc4 Bd4 53. c6 1/2-1/2

[Event "45th FIDE Olympiad 2024"]
[Site "Budapest"]
[Date "2024.09.19"]
[Round "8.98"]
[White "Manon, Reja Neer"]
[Black "Nogerbek, Kazybek"]
[Result "0-1"]
[ECO "C89"]
[WhiteElo "2417"]
[BlackElo "2519"]
[Annotator "TA"]
[PlyCount "148"]
[EventDate "2024.09.05"]
[EventType "team-tourn"]
[EventCountry "HUN"]
[SourceTitle "playchess.com"]
[Source "ChessBase"]
[SourceQuality "1"]
[WhiteTeam "Bangladesh"]
[BlackTeam "Kazakhstan"]
[WhiteTeamCountry "BAN"]
[BlackTeamCountry "KAZ"]
[TimeControl "40/5400+30:1800+30"]

1. e4 e5 2. Nf3 Nc6 3. Bb5 a6 4. Ba4 Nf6 5. O-O Be7 6. Re1 b5 7. Bb3 O-O 8. c3 d5 9. exd5 Nxd5 10. Nxe5 Nxe5 11. Rxe5 Bb7 12. Qf3 Bd6 13. Bxd5 c6 14. Re2 {C89: Closed Ruy Lopez: Marshall Attack.} cxd5 15. d4 Qc7 16. h3 a5 $146 ({Predecessor:} 16... Rae8 17. Nd2 b4 18. Nb3 Rxe2 19. Qxe2 bxc3 20. bxc3 Qxc3 21. Be3 Re8 22. Rc1 Qb4 {0-1 Szelag,M (2385)-Stern,R (2465) Poznan-ch 1999 (2)}) 17. a3 Rae8 18. Nd2 b4 19. axb4 axb4 20. Nf1 Rxe2 21. Qxe2 bxc3 22. bxc3 Qxc3 23. Qb2 Qxb2 24. Bxb2 Ra8 25. Rxa8+ Bxa8 26. Ne3 Bc6 27. Kf1 Bb4 28. Ke2 f6 29. Kd3 Kf7 30. Bc3 Bd6 31. g3 h5 32. h4 g5 33. Nf5 Bf8 34. f4 Bb5+ 35. Kc2 $1 Bd7 36. Ne3 gxh4 37. gxh4 Bh6 38. Be1 Ke6 (38... Bxf4 39. Nxd5 Bd6 40. Nb4) 39. f5+ Kd6 40. Bb4+ Kc6 41. Kd3 Bc8 42. Be7 Ba6+ 43. Kd2 Bg7 44. Kc3 Be2 45. Kd2 Bf3 46. Ke1 Kd7 47. Kf2 Be4 48. Bb4 Bh6 49. Bd2 Bf8 50. Ng2 Bxg2 51. Kxg2 Be7 52. Kf3 Bd8 53. Bh6 $2 (53. Ke3 $11) 53... Ba5 $19 54. Ke2 Bc3 $1 55. Be3 Kc6 $1 56. Bf2 Kb5 57. Kd3 Bb4 58. Bg3 Ka4 $2 (58... Ba5 {Threatens to win with ...Bb4.} 59. Bf2 Bc7) 59. Kc2 $2 {[#]} (59. Ke3 Kb3 60. Kd3) 59... Ba5 $1 $19 60. Kb2 {[#]} Bd8 $2 (60... Bd2 $1 $19 61. Kc2 Bb4) 61. Kc3 $11 Be7 (61... Kb5 $5 62. Kb3 $8 Ba5 $11) 62. Bf2 $2 (62. Kd3 $11) 62... Bd6 $19 63. Kc2 Kb4 (63... Bc7 $142 64. Be1 Ka3) 64. Kd3 $19 Kb3 65. Be1 Kb2 66. Bf2 Kc1 67. Be3+ Kd1 68. Bg5 fxg5 69. hxg5 h4 70. Ke3 Ke1 71. g6 h3 72. g7 h2 73. g8=Q h1=Q ({Not} 73... h1=B 74. Qg1#) 74. Qg4 Qh2 0-1

[Event "45th FIDE Olympiad 2024"]
[Site "Budapest"]
[Date "2024.09.19"]
[Round "8.98"]
[White "Bongo Akanga Ndjila, Barthelemy"]
[Black "El, Rozak"]
[Result "1/2-1/2"]
[WhiteElo "1894"]
[BlackElo "1514"]
[PlyCount "200"]
[EventDate "2024.09.05"]
[EventType "team-tourn"]
[EventCountry "HUN"]
[WhiteTeam "Gabon"]
[BlackTeam "Cambodia"]
[BlackTeamCountry "CMB"]
[TimeControl "40/5400+30:1800+30"]

1. d4 g6 2. c4 Bg7 3. Nc3 Nf6 4. e4 d6 5. Be2 O-O 6. Nf3 c6 7. O-O a6 8. a4 Nbd7 9. Bg5 h6 10. Bd2 e5 11. d5 a5 12. Qc2 Nc5 13. Rfe1 Bg4 14. h3 Bd7 15. Bf1 Rc8 16. g4 g5 17. Be3 Na6 18. Qd2 Nh7 19. dxc6 Rxc6 20. Nd5 Be6 21. Rec1 Nc5 22. Bxc5 Rxc5 23. b4 axb4 24. Qxb4 Bc8 25. Nd2 Nf6 26. f3 Qa5 27. Qxa5 Rxa5 28. Nb3 Ra7 29. Ne7+ Kh8 30. Rd1 Rd8 31. Nxc8 Rxc8 32. Rxd6 Ne8 33. Rd7 Kg8 34. a5 Bf8 35. a6 Rxa6 36. Rxb7 Rxa1 37. Nxa1 Bc5+ 38. Kh1 Rd8 39. Nb3 Be3 40. c5 Rc8 41. Bc4 Nc7 42. c6 Kf8 43. Kg2 Ke7 44. Kf1 f6 45. Ke2 Bg1 46. Na5 Kd6 47. Rb1 Bd4 48. Kd3 Ra8 49. Nb3 Ra3 50. Ke2 Ra2+ 51. Nd2 Ra8 52. Rh1 Kxc6 53. h4 Bc3 54. hxg5 hxg5 55. Rh6 Kc5 56. Bf7 Ra6 57. Nc4 Kd4 58. Ne3 Rb6 59. Nf5+ Kc5 60. Kd3 Bb2 61. Rh8 Na6 62. Rc8+ Rc6 63. Rxc6+ Kxc6 64. Ne7+ Kc5 65. Ng8 Bc1 66. Nxf6 Nb4+ 67. Kc3 Nc6 68. Bb3 Nd4 69. Bd1 Bf4 70. Nd5 Bc1 71. Kd3 Nc6 72. Kc2 Bf4 73. Kc3 Bc1 74. Nf6 Bf4 75. Nd7+ Kd6 76. Nb6 Kc5 77. Na4+ Kb5 78. Nb2 Kc5 79. Nd3+ Kd6 80. Kc4 Be3 81. Ne1 Bf4 82. Nc2 Bd2 83. Be2 Bf4 84. Ne1 Bd2 85. Nd3 Be3 86. Nb2 Nd4 87. Bd1 Bf4 88. Na4 Nc6 89. Nc3 Na5+ 90. Kb5 Nc6 91. Nd5 Nd4+ 92. Kb6 Bd2 93. Nf6 Bf4 94. Ne8+ Ke7 95. Ng7 Kf6 96. Nf5 Ne6 97. Kc6 Nf8 98. Kd6 Ng6 99. Kd7 Nf8+ 100. Ke8 Ne6 1/2-1/2

[Event "45th FIDE Olympiad 2024"]
[Site "Budapest"]
[Date "2024.09.19"]
[Round "8.99"]
[White "Suleymenov, Alisher"]
[Black "Murshed, Niaz"]
[Result "1-0"]
[ECO "E11"]
[WhiteElo "2484"]
[BlackElo "2318"]
[Annotator "RC"]
[PlyCount "97"]
[EventDate "2024.09.05"]
[EventType "team-tourn"]
[EventCountry "HUN"]
[SourceTitle "playchess.com"]
[Source "ChessBase"]
[SourceQuality "1"]
[WhiteTeam "Kazakhstan"]
[BlackTeam "Bangladesh"]
[WhiteTeamCountry "KAZ"]
[BlackTeamCountry "BAN"]
[TimeControl "40/5400+30:1800+30"]

1. d4 Nf6 2. c4 e6 3. Nf3 Bb4+ 4. Bd2 Qe7 5. g3 Nc6 6. Nc3 O-O 7. Bg2 d6 8. O-O Bxc3 9. Bxc3 e5 10. d5 Nb8 11. b4 a5 12. bxa5 Ne4 13. Bb4 Na6 14. a3 Bd7 15. Ne1 Nec5 16. Nd3 Ba4 17. Qb1 Ra7 18. Qb2 Re8 19. Rab1 Bd7 20. Qd2 Bf5 21. Qe3 b6 22. axb6 cxb6 23. Rb2 Na4 24. Rc2 Rc7 25. f4 e4 26. Nf2 h5 27. h3 Qd7 28. Rfc1 N6c5 29. Rd2 Ra7 30. Rdd1 Raa8 31. Kh2 Ra7 32. Rb1 Qc8 33. Rdc1 Ra6 34. Bd2 Ra7 35. Rb4 Rae7 36. Rh1 f6 37. Rc1 Kf7 38. Nd1 Ra7 39. Qd4 e3 40. Nxe3 Be4 41. Bf3 h4 42. g4 Rae7 43. Rg1 Qd7 44. g5 f5 45. Bh5+ Kg8 46. Bxe8 Qxe8 47. g6 Na6 48. Rxa4 Qxa4 49. Qxb6 1-0

[Event "45th FIDE Olympiad 2024"]
[Site "Budapest"]
[Date "2024.09.19"]
[Round "8.100"]
[White "Zia, Tahsin Tajwar"]
[Black "Ansat, Aldiyar"]
[Result "1/2-1/2"]
[ECO "E61"]
[WhiteElo "2255"]
[BlackElo "2457"]
[Annotator "TA"]
[PlyCount "60"]
[EventDate "2024.09.05"]
[EventType "team-tourn"]
[EventCountry "HUN"]
[SourceTitle "playchess.com"]
[Source "ChessBase"]
[SourceQuality "1"]
[WhiteTeam "Bangladesh"]
[BlackTeam "Kazakhstan"]
[WhiteTeamCountry "BAN"]
[BlackTeamCountry "KAZ"]
[TimeControl "40/5400+30:1800+30"]

1. d4 Nf6 2. c4 g6 3. g3 Bg7 4. Bg2 O-O 5. Nc3 d6 6. h3 c5 7. e3 Nc6 8. Nge2 Bd7 9. O-O a6 10. b3 Rb8 11. a4 Nb4 12. Ba3 Bc6 13. Bxb4 (13. d5 $14 Bd7 14. e4) 13... cxb4 14. Nd5 Nxd5 15. cxd5 Bd7 16. Nf4 a5 17. h4 Bh6 18. Nd3 Rc8 $1 19. Re1 Rc3 20. Rc1 b5 21. Rxc3 bxc3 22. axb5 Qb6 23. Bf1 Bxb5 (23... Qxb5 $2 {is the wrong capture.} 24. Nc5 Qb4 25. Nxd7 $18) 24. Qa1 Bxd3 25. Bxd3 Qxb3 {[#] ...c2 is the strong threat.} 26. Qxa5 Qb2 27. Re2 {Repels Qd2} Qb7 (27... Qc1+ $1 $11 28. Kg2 Rb8) 28. Qxc3 (28. Rc2 $14) 28... Qxd5 $11 {The position is equal.} 29. Re1 Bg7 30. Qc4 Qxc4 {Weighted Error Value: White=0.12 (very precise) /Black=0.10 (very precise) .  Mistake:       	White=2     	Black=1      Inaccurate:     	White=1     	Black=2      OK:         	White=8     	Black=7      Best:        	---       	Black=3      Strong:       	---       	Black=1} 1/2-1/2

[Event "45th FIDE Olympiad 2024"]
[Site "Budapest"]
[Date "2024.09.19"]
[Round "8.101"]
[White "Neiksans, Arturs"]
[Black "Greet, Andrew N"]
[Result "1-0"]
[ECO "A08"]
[WhiteElo "2571"]
[BlackElo "2405"]
[Annotator "TA"]
[PlyCount "91"]
[EventDate "2024.09.05"]
[EventType "team-tourn"]
[EventCountry "HUN"]
[SourceTitle "playchess.com"]
[Source "ChessBase"]
[SourceQuality "1"]
[WhiteTeam "Latvia"]
[BlackTeam "Scotland"]
[WhiteTeamCountry "LAT"]
[BlackTeamCountry "SCO"]
[TimeControl "40/5400+30:1800+30"]

1. Nf3 d5 2. g3 Nf6 3. Bg2 c5 4. O-O g6 5. c4 dxc4 6. Qa4+ Nbd7 7. Qxc4 {White is more active.} Bg7 8. d4 {White is slightly better.} cxd4 9. Nxd4 Nb6 10. Qb5+ $40 {[%mdl 128] White attacks.} Bd7 11. Qd3 e5 12. Nb3 Qe7 13. Nc3 Bc6 14. Bxc6+ (14. Be3 {seems wilder.} Bxg2 15. Kxg2 Qd7 16. Bc5) 14... bxc6 15. Be3 Rd8 16. Qa6 Nfd7 {Loses the game.} (16... Qc7 $16 {was necessary.}) 17. Rad1 O-O 18. Qxa7 Ra8 19. Qb7 Rab8 20. Qxc6 Rfc8 21. Qb5 Qe6 22. Ne4 Qc4 23. Qxc4 Rxc4 24. Nc3 Nf8 $2 {[#]} (24... Rcc8 {was called for.} 25. Rd2 Nf6) 25. Rd6 Na4 26. Na5 Nxb2 27. Nxc4 Nxc4 28. Ba7 Rb2 (28... Rb7 $142) 29. Rc6 $18 Nd2 30. Rc1 Bh6 31. Be3 Bxe3 32. fxe3 Ne6 33. h4 Kg7 34. Kf2 Rb4 35. Rc2 Nb1 36. Nxb1 Rxb1 {[%mdl 4096] Endgame. KRR-KRN} 37. a4 Ra1 38. Ra6 g5 39. a5 Kg6 40. Ra7 gxh4 41. gxh4 Ng7 42. Rcc7 Nh5 43. Rxf7 {[%cal Of7f8] [#] Rf8! would now be deadly.} h6 44. Rf8 {White mates.} Ra4 45. Ra6+ Kg7 46. Rb8 {Weighted Error Value: White=0.12 (very precise) /Black=0.39.  Mistake:       	---       	Black=3      Inaccurate:     	White=1     	Black=4      OK:         	White=19    	Black=10     Best:        	---       	Black=2} 1-0

[Event "45th FIDE Olympiad 2024"]
[Site "Budapest"]
[Date "2024.09.19"]
[Round "8.102"]
[White "Olson, Hamish"]
[Black "Kantans, Toms"]
[Result "1-0"]
[ECO "A48"]
[WhiteElo "2384"]
[BlackElo "2486"]
[Annotator "TA"]
[PlyCount "129"]
[EventDate "2024.09.05"]
[EventType "team-tourn"]
[EventCountry "HUN"]
[SourceTitle "playchess.com"]
[Source "ChessBase"]
[SourceQuality "1"]
[WhiteTeam "Scotland"]
[BlackTeam "Latvia"]
[WhiteTeamCountry "SCO"]
[BlackTeamCountry "LAT"]
[TimeControl "40/5400+30:1800+30"]

1. d4 Nf6 2. Nf3 g6 3. a4 Bg7 4. a5 O-O 5. g3 d5 6. Bg2 {A48: 1 d4 Nf6 2 Nf3 g6: Torre, London and Colle Systems.} c5 $146 ({Predecessor:} 6... c6 7. O-O Nbd7 8. Bf4 Ne4 9. Nbd2 Ndf6 10. Ne5 Nxd2 11. Qxd2 Nd7 12. a6 Nxe5 13. axb7 Bxb7 14. dxe5 {1-0 Salimova,N (2403)-Lima,K (2108) Titled Tuesday intern op 22nd Aug Late blitz 2023 (6)}) 7. dxc5 Na6 8. O-O Nxc5 9. Be3 Nce4 10. Bd4 Bf5 11. c3 a6 12. Nbd2 Re8 13. Nxe4 Bxe4 14. Qb3 Qd6 15. Be5 Qe6 16. Bf4 h6 17. Ra4 Nd7 18. Rxe4 dxe4 19. Qxe6 fxe6 20. Nd2 Nc5 21. Be3 (21. Bxe4 $11) 21... Rac8 22. Nxe4 Nb3 23. Bb6 Rc4 24. Rd1 Ra4 $1 25. h4 Rc8 26. Rd7 Kf8 27. Kh2 Ra2 28. Rxb7 Nxa5 29. Bxa5 Rxa5 30. Rb6 Rb5 31. Rxe6 a5 32. Rxg6 Rxb2 33. Ra6 Rxe2 34. Bf3 Ra2 35. Bg4 Rd8 36. Kg2 Ra1 37. Nc5 Kg8 (37... Bxc3 $2 38. Ne6+ (38. Rxh6 Kg7 $11) 38... Ke8 39. Ra7 $18) 38. Rg6 $2 (38. c4 $11 {and White is okay.}) 38... Rf8 $2 (38... Rd6 $1 $19 39. Ne6 Kh8) 39. Ne6 $11 Rf7 40. Bf3 Re1 41. Bd5 Kh7 42. h5 ({Don't go for} 42. Nf4 $2 Rxf4 43. Rc6 Rf8 $19) 42... Re5 43. Ng5+ Rxg5 44. Bxf7 Bxc3 45. Re6 Re5 46. Rc6 Bb4 47. Ra6 Kg7 48. Bg6 Rd5 49. Kh3 Rd6 50. Ra8 Be1 51. f4 Re6 52. g4 Re3+ 53. Kg2 Rg3+ 54. Kf1 Bb4 55. Bf5 Rf3+ 56. Kg2 Rxf4 57. Ra6 Bd2 58. Rg6+ Kf8 {[#]} (58... Kh7 $1 $11 {remains equal.}) 59. Be6 $1 $16 Ke8 {[#]} 60. g5 $1 Rf8 $2 (60... hxg5 $16 {is a better defense.} 61. h6 (61. Rxg5 Rf2+ 62. Kxf2 Bxg5 $15) 61... Bc3) 61. gxh6 $18 ({Inferior is} 61. Rxh6 Bxg5 62. Rg6 Bf4 $11) 61... a4 $2 (61... Bc3 $18 62. Rg3 Bh8) 62. h7 a3 63. Rg4 Ba5 64. Ra4 Bd8 65. Bg8 1-0

[Event "45th FIDE Olympiad 2024"]
[Site "Budapest"]
[Date "2024.09.19"]
[Round "8.103"]
[White "Miezis, Normunds"]
[Black "Waldhausen Gordon, Frederick"]
[Result "0-1"]
[ECO "A17"]
[WhiteElo "2417"]
[BlackElo "2351"]
[Annotator "RC"]
[PlyCount "68"]
[EventDate "2024.09.05"]
[EventType "team-tourn"]
[EventCountry "HUN"]
[SourceTitle "playchess.com"]
[Source "ChessBase"]
[SourceQuality "1"]
[WhiteTeam "Latvia"]
[BlackTeam "Scotland"]
[WhiteTeamCountry "LAT"]
[BlackTeamCountry "SCO"]
[TimeControl "40/5400+30:1800+30"]

1. c4 e6 2. Nc3 d5 3. e3 Nf6 4. Nf3 b6 5. b3 Bb7 6. Bb2 Nbd7 7. Be2 a6 8. d4 Bd6 9. Qc2 O-O 10. O-O Qe7 11. Rad1 Rfe8 12. g3 Rac8 13. Nh4 Bb4 14. cxd5 exd5 15. Qf5 g6 16. Qb1 Nf8 17. Ng2 Ne6 18. Kh1 c5 19. dxc5 bxc5 20. a3 Bxc3 21. Bxc3 d4 22. Bb2 Be4 23. Qc1 Qb7 24. f3 Bd5 25. Bc4 Nd7 26. Bxd5 Qxd5 27. Qc2 Rb8 28. b4 Ne5 29. exd4 cxd4 30. Nf4 Nxf4 31. Rxd4 Qb5 32. Rfd1 Nxf3 33. Qf2 Nxd4 34. gxf4 Qd5+ 0-1

[Event "45th FIDE Olympiad 2024"]
[Site "Budapest"]
[Date "2024.09.19"]
[Round "8.104"]
[White "Abdulla, Murad"]
[Black "Starostits, Ilmars"]
[Result "1/2-1/2"]
[ECO "B11"]
[WhiteElo "2312"]
[BlackElo "2344"]
[Annotator "TA"]
[PlyCount "96"]
[EventDate "2024.09.05"]
[EventType "team-tourn"]
[EventCountry "HUN"]
[SourceTitle "playchess.com"]
[Source "ChessBase"]
[SourceQuality "1"]
[WhiteTeam "Scotland"]
[BlackTeam "Latvia"]
[WhiteTeamCountry "SCO"]
[BlackTeamCountry "LAT"]
[TimeControl "40/5400+30:1800+30"]

1. e4 c6 2. Nc3 d5 3. Nf3 dxe4 4. Nxe4 Nf6 5. Qe2 Nxe4 6. Qxe4 Qd5 {B11: Caro-Kann: Two Knights Variation.} 7. Qf4 Qf5 8. Qe3 Nd7 9. c3 Nb6 $146 ({Predecessor:} 9... g6 10. d4 Bg7 11. Bd3 Qd5 12. O-O O-O 13. Qxe7 Nb6 14. Qh4 Bf5 15. Bxf5 Qxf5 {1-0 Vokhidov,S (2601)-Shimanov,A (2581) Titled Tuesday intern op 7th Mar Early blitz 2023 (11)}) 10. d4 Nd5 11. Qd2 Qe4+ 12. Be2 Bf5 13. O-O e6 14. Ne5 Bd6 15. f4 Bxe5 16. fxe5 O-O-O 17. Bf3 Qh4 18. g3 Qe7 19. b4 (19. b3 $16) 19... f6 $1 $11 20. exf6 gxf6 21. a4 h5 22. Kh1 Bg4 23. b5 Bxf3+ (23... h4 {seems wilder.} 24. Bxg4 hxg3 25. Kg1 Rxh2 26. Qe1 f5) 24. Rxf3 h4 25. bxc6 hxg3 26. Rxg3 bxc6 (26... Rdg8 {is more complex.} 27. Qg2 Rxg3 28. Qxg3 Qh7) 27. Qg2 (27. Qe2 {feels hotter.} e5 28. Rb1 Nc7 29. Be3) 27... Qb7 28. a5 Qb5 29. Bd2 Nc7 ({Black should try} 29... Ne7 $11) 30. Re1 Rh5 31. Rg7 Rdh8 $2 {[%mdl 8192] [#]} (31... Rf5 $11 {and Black has nothing to worry.}) 32. Bf4 $1 $18 e5 33. dxe5 Ne6 (33... fxe5 $142 34. Qg4+ Kb8) 34. Rg8+ $18 Kb7 35. Rxh8 $2 (35. a6+ Kb6 36. Qg1+ c5 37. Rb1 Nxf4 38. Rxb5+ Kxb5 39. exf6) 35... Rxh8 $18 {[#]} 36. Bg3 (36. exf6 Nxf4 37. a6+ (37. Qg7+ $2 Ka6 $19) 37... Kb8 $11 (37... Kxa6 38. Ra1+ Kb6 39. Qg1+ Kc7 40. Qg7+ Kd6 41. Qe7+ Kd5 42. Re1 $18)) (36. a6+ $1 $18 {and the rest is easy.} Kb8 37. Bg3 (37. exf6+ Nxf4 38. Qf3 Nd3 $11)) 36... f5 $16 37. Qf3 (37. Qa2 $16 {[%cal Oe1b1] And now Rb1! would win.} Qd5+ 38. Qxd5 cxd5 39. Rd1) 37... f4 $11 38. Bf2 (38. Bxf4 Rf8 39. c4 (39. a6+ $2 Ka8 $19) 39... Qxc4 $19 (39... Rxf4 $2 40. Qxf4 Qb4 41. Qe4 $18)) 38... Qxa5 39. c4 Qa2 40. Qe2 Qa3 41. Qg4 Qa2 42. Qe2 Qa3 43. Qg4 Rh7 44. Qxe6 Qf3+ 45. Kg1 Rg7+ 46. Bg3 $1 (46. Kf1 {is a self mate.} Qd3+ 47. Re2 f3) 46... Rxg3+ (46... fxg3 47. Rb1+ Ka6 48. Qc8+ Ka5 49. Ra1+ Kb6 50. Qb8+ Rb7 51. Qd8+ Kc5 52. Ra5+ Kb4 53. Qd2+ Kb3 54. Qa2+ Kb4 55. Qa4+ Kc3 56. Qa1+ Kxc4 57. Qc1+ Qc3 58. Rc5+ Kxc5 59. Qxc3+ $18) 47. hxg3 Qxg3+ 48. Kf1 Qf3+ 1/2-1/2

[Event "45th FIDE Olympiad 2024"]
[Site "Budapest"]
[Date "2024.09.19"]
[Round "8.105"]
[White "Haring, Filip"]
[Black "Tran, Thanh Tu"]
[Result "0-1"]
[ECO "B77"]
[WhiteElo "2503"]
[BlackElo "2387"]
[Annotator "TA"]
[PlyCount "134"]
[EventDate "2024.09.05"]
[EventType "team-tourn"]
[EventCountry "HUN"]
[SourceTitle "playchess.com"]
[Source "ChessBase"]
[SourceQuality "1"]
[WhiteTeam "Slovakia"]
[BlackTeam "Japan"]
[WhiteTeamCountry "SVK"]
[BlackTeamCountry "JPN"]
[TimeControl "40/5400+30:1800+30"]

1. e4 c5 2. Nf3 g6 3. d4 cxd4 4. Nxd4 Nc6 5. Nc3 Bg7 6. Be3 Nf6 7. Bc4 O-O 8. Bb3 d6 9. f3 Qa5 10. Qd2 Nxd4 11. Bxd4 Be6 12. O-O-O b5 13. Kb1 b4 14. Nd5 Bxd5 15. exd5 Qb5 {B77: Sicilian Dragon: Yugoslav Attack, 9 Bc4 sidelines.} 16. Qd3 Qxd3 17. Rxd3 Nd7 18. Bxg7 Kxg7 19. Rd4 $146 ({Predecessor:} 19. Re3 Kf6 20. Rhe1 g5 21. Rxe7 Ne5 22. Rb7 Rfb8 23. Rc7 Rc8 24. Rb7 Rcb8 25. Rc7 Rc8 26. Rb7 {½-½ Steinberg,N (2542)-Kobo,O (2542) Miercurea Ciuc GP RO Stage 3 2022 (7)}) 19... a5 20. Re1 Nc5 21. Bc4 Ra7 22. Re3 Rb8 23. h4 f5 24. Kc1 Kf6 25. Be2 Rc7 26. Rc4 Rbc8 27. a3 Nd7 28. Rxc7 Rxc7 29. axb4 axb4 30. Rb3 Nb6 31. Rxb4 Nxd5 32. Ra4 Ne3 33. Kd2 $1 Nd5 $1 (33... Nxg2 $2 34. Bf1 $18) (33... Nxc2 $2 34. Bd1 $18) 34. g3 e5 35. Bd3 h5 36. c3 g5 37. Ra6 Rd7 38. Bb5 Rd8 $1 39. Bc4 Ne7 40. hxg5+ Kxg5 41. Ra7 Ng6 42. Bd3 ({Better is} 42. Bf7 $11) 42... d5 (42... h4 $15 43. Rf7 hxg3 44. Rxf5+ Kh4) 43. Ra6 (43. Rf7 $11 {keeps the balance.} e4 44. f4+ Kg4 45. Rg7 Kxg3 46. Ke3 (46. Rxg6+ Kf2 $11)) 43... Rg8 ({Black should play} 43... h4 $17 44. f4+ exf4 45. gxh4+ Nxh4) 44. Rd6 $11 h4 (44... e4 $5 45. Bb5 (45. Be2 h4 $15) 45... exf3 $19) 45. gxh4+ Nxh4 46. Rxd5 Kf4 47. Be2 Rg2 48. Ke1 Rh2 49. b4 Ng2+ 50. Kd2 Ne3 51. Rd8 Nf1+ 52. Kd1 Ng3 53. Rd2 $2 (53. Ba6 $11 {and White stays safe.}) 53... Ke3 $19 54. Rd3+ Kf2 55. Rd5 Nxe2 56. Rxe5 Ng3 ({Worse is} 56... Nxc3+ 57. Kd2 $11) 57. b5 Kxf3 58. c4 Kf4 59. Re6 Ne4 60. b6 Rb2 61. Kc1 Rb4 62. Rc6 Ke3 63. c5 f4 64. Rc7 f3 65. b7 f2 66. Rf7 Nxc5 67. Kc2 Nxb7 0-1